 Dungeon Crawl Stone Soup version 0.27-a0-1193-g8631133539 (webtiles) character file.

Game seed: 5909097645956051545

2860 rjrrt the Grappler (level 9, -2/133 HPs)
             Began as a Troll Berserker on May 27, 2021.
             Was a High Priest of Trog.
             Killed from afar by an electric eel (11 damage)
             ... with a bolt of electricity
             ... on level 7 of the Dungeon.
             The game lasted 00:11:01 (5031 turns).

rjrrt the Grappler (Troll Berserker)                Turns: 5031, Time: 00:11:02

Health: -2/133     AC:  4    Str: 30    XL:     9   Next: 47%
Magic:  0/8        EV:  8    Int:  3    God:    Trog [*****.]
Gold:   662        SH: 11    Dex:  9    Spells: 8/8 levels left

rFire    . . .     SeeInvis .     - Unarmed
rCold    + . .     Faith    .   r - +1 kite shield
rNeg     . . .     Spirit   +   a - +0 animal skin
rPois    .         Reflect  .   (helmet restricted)
rElec    .         Harm     .   (no cloak)
rCorr    .         Rampage  .   (gloves unavailable)
Will     .....                  (boots unavailable)
Stlth    ..........             u - amulet of guardian spirit
HPRegen  1.32/turn              i - ring of protection from cold
MPRegen  0.11/turn              (no ring)

@: berserking, slow
A: large, unfitting armour, claws 3, regeneration 1, shaggy fur 1, tough skin 1
a: Renounce Religion, Berserk, Trog's Hand, Brothers in Arms


You were on level 7 of the Dungeon.
You worshipped Trog.
Trog was extremely pleased with you.
You visited 2 branches of the dungeon, and saw 8 of its levels.
You also visited: Ossuary.

You collected 662 gold pieces.

Inventory:

Hand Weapons
 h - a +0 flail of venom
 p - a +2 war axe of venom
 v - a +0 trident
Missiles
 c - 3 poisoned darts
 g - 5 boomerangs (quivered)
Armour
 a - a +0 animal skin (worn)
 r - a +1 kite shield (worn)
Jewellery
 i - a ring of protection from cold (left claw)
 u - an amulet of guardian spirit (around neck)
Wands
 l - a wand of charming (10)
 q - a wand of polymorph (13)
Scrolls
 b - 2 scrolls of enchant armour
Potions
 d - 2 potions of cancellation
 e - a potion of degeneration {unknown}
 f - a potion of haste {unknown}
 k - a potion of invisibility {unknown}
 m - 2 potions of brilliance {unknown}
 n - a potion of experience {unknown}
 s - a potion of heal wounds {unknown}
 t - 4 potions of curing
 x - a potion of mutation {unknown}
 z - a potion of magic {unknown}


   Skills:
 + Level 5.7 Fighting
 + Level 2.7 Throwing
 - Level 2.4 Dodging
 - Level 0.1 Stealth
 + Level 4.6 Shields
 * Level 9.9 Unarmed Combat


You had 8 spell levels left.
You didn't know any spells.
Your spell library was empty.

Dungeon Overview and Level Annotations

Branches:
Dungeon (7/15)             Temple (1/1) D:4         Ossuary (visited)

Altars:
Ashenzari
Elyvilon
Hepliaklqana
Okawaru
Trog
Uskayaw
Wu Jian
Yredelemnul
The Shining One


Innate Abilities, Weirdness & Mutations

You are too large for most types of armour.
You have claws for hands.
Your natural rate of healing is unusually fast.
You are covered in fur. (AC +1)
You have tough skin. (AC +1)


Message History

Aiming: Polymorph
Press: ? - help, Shift-Dir - straight line, f - electric eel
Aim: an electric eel (will become an adder, a killer bee, or a tengu, chance to affect: 54%)
The electric eel evaporates and reforms as an adder!
Unknown command.
You start waiting.
You block the adder's attack.
You closely miss the adder.
The electric eel shoots out a bolt of lightning at you!
The bolt of electricity hits the adder!
The adder dies!
The electric eel returns to its original shape as it dies.
The bolt of electricity hits you! x2
The electric eel shoots out a bolt of lightning at you!
The bolt of electricity hits you! x2
You see here an electric eel corpse.
Unknown command.
The electric eel shoots out a bolt of lightning at you!
The bolt of electricity hits you! x2
You are too injured to fight recklessly!
You enter the shallow water.
Moving in this stuff is going to be slow.
The electric eel shoots out a bolt of lightning at you!
The bolt of electricity hits you. The bolt of electricity hits you!
You are too injured to fight recklessly!
You closely miss the electric eel.
The electric eel shoots out a bolt of lightning at you!
The bolt of electricity hits you!
* * * LOW HITPOINT WARNING * * *
The bolt of electricity hits you!
* * * LOW HITPOINT WARNING * * *
You are too injured to fight recklessly!
Unknown command.
A red film seems to cover your vision as you go berserk!
You feel yourself moving faster!
You feel mighty!
You closely miss the electric eel.
The electric eel shoots out a bolt of lightning at you!
The bolt of electricity hits you!
* * * LOW HITPOINT WARNING * * *
The bolt of electricity hits you!
You die...

.##...# #.##
## ... ##.##
#.≈≈.#
##.###.≈≈^#
##.#.##.≈≈.#
#.###.#.≈≈.#
#.###.#.≈≈.#
#.##)##.≈≈.#
##.#.##.≈≈.#
#.###†.@;.#
##.##.#.≈≈.#
#)##.##.≈≈[#
##..####≈≈##
#### ####


You could see an electric eel.

Vanquished Creatures
  A water moccasin (D:6)
  A necrophage (D:5)
  A sky beast (D:5)
  An ice beast (D:7)
  An ogre (D:5)
  4 centaurs
  A kobold brigand (D:6)
  2 bullfrogs (D:6)
  A wyvern zombie (D:5)
  2 scorpions
  A water moccasin zombie (D:5)
  A water moccasin skeleton (D:4)
  13 wights
  A killer bee (D:7)
  A howler monkey (D:5)
  An electric eel (D:6)
  A centaur zombie (D:7)
  2 bullfrog zombies (D:5)
  2 orc priests
  8 hounds
  A jelly (D:6)
  A centaur skeleton (D:6)
  2 gnoll shamans
  An iguana (D:6)
  3 orc wizards
  2 hound skeletons
  2 mummies (Ossuary)
  Robin (D:4)
  11 adders
  5 gnolls
  A shadow imp (D:5)
  A white imp (D:5)
  An adder skeleton (D:4)
  A worm (D:4)
  2 dart slugs
  20 orcs
  3 endoplasms
  6 giant cockroaches
  13 goblins
  10 hobgoblins
  3 jackals
  3 quokkas
  6 ball pythons
  7 bats
  3 frilled lizards
  8 gnoll zombies (Ossuary)
  2 goblin zombies (Ossuary)
  A hobgoblin zombie (Ossuary)
  6 kobolds
  3 orc zombies (Ossuary)
  4 rats
179 creatures vanquished.

Vanquished Creatures (others)
  An adder (D:7)
  17 plants (D:6)
18 creatures vanquished.

Grand Total: 197 creatures vanquished

Notes
Turn   | Place    | Note
-------+----------+-------------------------------------------
     0 | D:1      | rjrrt the Troll Berserker began the quest for the Orb.
     0 | D:1      | Reached XP level 1. HP: 22/22 MP: 0/0
   210 | D:1      | Reached XP level 2. HP: 29/29 MP: 1/1
   668 | D:2      | Reached skill level 4 in Unarmed Combat
   668 | D:2      | Reached XP level 3. HP: 35/36 MP: 2/2
   924 | D:2      | Reached ** piety under Trog
  1015 | D:2      | Reached XP level 4. HP: 45/45 MP: 3/3
  1798 | D:4      | Reached skill level 5 in Unarmed Combat
  1798 | D:4      | Reached XP level 5. HP: 52/53 MP: 4/4
  2174 | D:4      | Found a staircase to the Ecumenical Temple.
  2315 | D:4      | Found a hide-covered altar of Uskayaw.
  2504 | D:4      | Reached XP level 6. HP: 61/61 MP: 5/5
  2516 | D:4      | Noticed Robin
  2532 | D:4      | Killed Robin
  2544 | D:4      | Reached *** piety under Trog
  2546 | D:4      | Reached skill level 6 in Unarmed Combat
  2554 | D:4      | Reached skill level 1 in Shields
  2565 | Temple   | Entered the Ecumenical Temple
  2855 | D:5      | Entered Level 5 of the Dungeon
  2910 | D:5      | Reached XP level 7. HP: 42/68 MP: 2/6
  2971 | D:5      | Reached skill level 7 in Unarmed Combat
  3156 | D:5      | Found a sand-covered staircase.
  3164 | Ossuary  | Entered an ossuary
  3263 | Ossuary  | Reached **** piety under Trog
  3658 | D:5      | Reached XP level 8. HP: 78/78 MP: 7/7
  3765 | D:5      | Reached skill level 8 in Unarmed Combat
  4065 | D:6      | Reached skill level 5 in Fighting
  4154 | D:6      | Reached skill level 1 in Throwing
  4193 | D:6      | Reached skill level 9 in Unarmed Combat
  4216 | D:6      | Reached XP level 9. HP: 84/88 MP: 6/8
  4988 | D:7      | Reached ***** piety under Trog
  5031 | D:7      | Killed from afar by an electric eel

Illustrated notes

Levels and vault maps discovered:
D:1:      heliophobic_arrival_ceremonial_halls, layout_basic,
          minmay_small_reverse_x
D:2:      layout_loops_ring, minmay_tetromino_s4
D:3:      layout_basic, chequers_serial_rivers_small_3
D:4:      layout_loops_corners, lemuel_crystal_altar, minmay_temple_entry_ruins,
          minmay_close_crescents, uniq_robin
D:5:      layout_loops_ring, nicolae_ossuary_entry_ruins, minmay_puff
D:6:      layout_cave_pools, serial_bayou, serial_bayou_shore_b,
          serial_bayou_pond_b, serial_bayou_pond_c, serial_bayou_lagoon_a,
          serial_bayou_shore_a, serial_bayou_pond_b
D:7:      wad_river_or_something, layout_cave_pools, chequers_decorated_corner
Temple:   compressed_dpeg_triangle_lava_temple

Skill      XL: |  1  2  3  4  5  6  7  8  9 |
---------------+----------------------------+-----
Unarmed Combat | 4 5 6 7 9 |  9.9
Fighting       | 3 4 5 |  5.7
Shields        | 1 2 4 |  4.6
Throwing       | 1 2 |  2.7
Dodging        | |  2.4
Stealth        | |  0.1

Action                   |  1- 3 |  4- 6 |  7- 9 || total
-------------------------+-------+-------+-------++-------
Melee: Unarmed           |    91 |   153 |   257 ||   501
Invok: Berserk           |       |     3 |     3 ||     6
       Trog's Hand       |       |       |     1 ||     1
Evoke: Wand              |       |       |     4 ||     4
  Use: Scroll            |       |       |    12 ||    12
 Stab: Sleeping          |       |     2 |       ||     2
Armor: Animal skin       |    33 |    40 |    56 ||   129
Dodge: Dodged            |    50 |    55 |    71 ||   176
Block: Kite shield       |       |    38 |   115 ||   153

Table legend: (Time is in decaauts)
 A = Elapsed time spent in this place.
 B = Non-inter-level travel time spent in this place.
 C = Inter-level travel time spent in this place.
 D = Time resting spent in this place.
 E = Time spent auto-exploring this place.
 F = Levels seen in this place.
 G = Mean time per level.
                   A        B        C        D        E       F      G
               +--------+--------+--------+--------+--------+-----+--------+
         Total |   5128 |   4914 |    214 |    174 |   3178 |   9 |  569.8 |
       Dungeon |   4838 |   4624 |    214 |    125 |   3112 |   7 |  691.1 |
        Temple |     56 |     56 |      0 |     49 |      0 |   1 |   56.0 |
       Ossuary |    233 |    233 |      0 |      0 |     66 |   1 |  233.0 |
               +--------+--------+--------+--------+--------+-----+--------+

Top non-repeatable levels by time:
     D:4: 1044 daAuts
     D:5: 972 daAuts
     D:3: 714 daAuts
     D:6: 710 daAuts
     D:2: 557 daAuts
     D:1: 511 daAuts
     D:7: 327 daAuts
 Ossuary: 233 daAuts
  Temple: 56 daAuts
